 Dungeon Crawl Stone Soup version 0.28-a0-863-g8cecda6153 (webtiles) character file.

Game seed: 16089880904493544897

193421 frimble the Nimble (level 18, -7/176 (182) HPs)
             Began as a Troll Warper on Nov 18, 2021.
             Was the Champion of Cheibriados.
             Shot with an arrow by a deep elf master archer (17 damage)
             ... on level 3 of the Elven Halls.
             The game lasted 00:38:59 (25729 turns).

frimble the Nimble (Troll Warper)                  Turns: 25729, Time: 00:39:00

HP:   -7/176 (182)  AC: 18    Str: 39    XL:     18   Next: 7%
MP:   22/22         EV: 25    Int: 34    God:    Cheibriados [******]
Gold: 1339          SH: 14    Dex: 27    Spells: 16/19 levels left

rFire   + . .      SeeInvis .     - Unarmed
rCold   . . .      Faith    .   Q - +0 kite shield
rNeg    . . .      Spirit   .   G - +4 troll leather armour
rPois   .          Reflect  .   (helmet restricted)
rElec   .          Harm     .   k - +2 cloak {rCorr}
rCorr   +          Rampage  .   (gloves unavailable)
Will    ++...      Rage     1%  (boots unavailable)
Stlth   ++........              z - amulet of regeneration
HPRegen 3.39/turn               P - ring "Boib" {+Blink rF+ EV+4 Int+4 Dex+3}
MPRegen 0.18/turn               K - +4 ring of protection

@: mighty, attractive, lightly drained, very slow
A: large, unfitting armour, claws 3, regeneration 1, shaggy fur 1, tough skin 1,
berserk 1, strong-willed 1, MP-powered wands
a: Renounce Religion, Evoke Blink, Bend Time, Temporal Distortion, Slouch, Step
From Time


You were on level 3 of the Elven Halls.
You worshipped Cheibriados.
Cheibriados was exalted by your worship.
You visited 4 branches of the dungeon, and saw 26 of its levels.
You visited the Abyss 1 time.
You visited 1 bazaar.

You collected 4861 gold pieces.
You spent 3522 gold pieces at shops.

Inventory:

Hand Weapons
 a - the +10 hunting sling "Axtyxtom" {vorpal, rElec}
   (You found it on level 4 of the Dungeon)

   Any ammunition fired from it inflicts extra damage upon your enemies.
   rElec:     It insulates you from electricity.
 D - a +4 vorpal quick blade
Missiles
 c - 8 boomerangs of dispersal (quivered)
 i - 173 stones
 o - 3 throwing nets
 t - 10 boomerangs
 R - 22 large rocks
Armour
 k - a +2 cloak of preservation (worn)
 B - a scarf of resistance
 G - a +4 troll leather armour (worn)
 Q - a +0 kite shield (worn)
Jewellery
 g - a ring of willpower
 y - a ring of see invisible
 z - an amulet of regeneration (around neck)
 A - a ring of ice
 K - a +4 ring of protection (right claw)
 L - a ring of protection from cold
 P - the ring "Boib" (left claw) {+Blink rF+ EV+4 Int+4 Dex+3}
   (You found it on level 6 of the Lair of Beasts)

   [ring of evasion]

   EV:        It affects your evasion (+4).
   Int:       It affects your intelligence (+4).
   Dex:       It affects your dexterity (+3).
   rF:        It protects you from fire.
   +Blink:    It lets you blink.
 W - an amulet of magic regeneration
 Y - a +4 ring of protection
 Z - a ring of poison resistance
Wands
 h - a wand of charming (21)
 m - a wand of flame (85)
 q - a wand of acid (13)
 v - a wand of paralysis (10)
 C - a wand of mindburst (48)
 I - a wand of polymorph (17)
 J - a wand of iceblast (3)
 X - a wand of digging (9)
Scrolls
 b - 7 scrolls of blinking
 j - 7 scrolls of teleportation
 s - a scroll of magic mapping
 w - 3 scrolls of identify
 E - 4 scrolls of amnesia
 F - 5 scrolls of enchant armour
 M - 3 scrolls of vulnerability
 U - 3 scrolls of fog
 V - 2 scrolls of fear
Potions
 d - 19 potions of curing
 e - 2 potions of ambrosia
 f - 4 potions of attraction
 l - 5 potions of flight
 n - 6 potions of brilliance
 p - 5 potions of haste
 r - 4 potions of magic
 u - 6 potions of heal wounds
 H - 3 potions of lignification
 N - 2 potions of resistance
 O - 5 potions of cancellation
 S - 2 potions of might
 T - 4 potions of mutation
Miscellaneous
 x - a condenser vane (inert)


   Skills:
 + Level 11.8 Fighting
 + Level 10.3(10.9) Slings
 - Level 7.0(11.0) Throwing
 - Level 6.0 Armour
 - Level 12.6 Dodging
 - Level 10.7 Shields
 - Level 7.1 Unarmed Combat
 - Level 1.2 Spellcasting
 - Level 6.0 Translocations
 - Level 7.8 Invocations
 - Level 4.7 Evocations


You had 16 spell levels left.
You knew the following spells:

 Your Spells              Type           Power      Damage    Failure   Level
a - Blink                 Tloc           84%        N/A       1%          2
b - Apportation           Tloc           84%        N/A       1%          1

Your spell library contained the following spells:

 Spells                   Type           Power      Damage    Failure   Level
 Gell's Gravitas          Tloc           42%        N/A       1%          3
 Lesser Beckoning         Tloc           42%        N/A       1%          3
 Teleport Other           Tloc           42%        N/A       1%          3
 Portal Projectile        Hex/Tloc       44%        N/A       6%          3
 Passage of Golubria      Tloc           42%        N/A       6%          4
 Foxfire                  Conj/Fire      8%         2x1d4     7%          1
 Slow                     Hex            8%         N/A       7%          1
 Corpse Rot               Necr/Air       4%         N/A       11%         2
 Sublimation of Blood     Necr           2%         N/A       11%         2
 Wereblood                Tmut           2%         N/A       11%         2
 Manifold Assault         Tloc           42%        N/A       17%         5
 Iskenderun's Mystic Bla  Conj/Tloc      22%        2d6       21%         4
 Call Canine Familiar     Summ           2%         N/A       22%         3
 Confusing Touch          Hex            2%         N/A       22%         3
 Conjure Flame            Conj/Fire      2%         6-21      22%         3
 Dazzling Flash           Conj/Hex       4%         N/A       22%         3
 Frozen Ramparts          Ice            4%         1d2       22%         3
 Inner Flame              Hex/Fire       2%         N/A       22%         3
 Stone Arrow              Conj/Erth      4%         3d7       22%         3
 Animate Armour           Summ/Erth      4%         N/A       56%         4
 Animate Dead             Necr           1%         N/A       56%         4
 Cause Fear               Hex            1%         N/A       56%         4
 Dispel Undead            Necr           2%         3d7       56%         4
 Flame Wave               Conj/Fire      2%         3d3       56%         4
 Hailstorm                Conj/Ice       2%         3d3       56%         4
 Ice Form                 Ice/Tmut       2%         N/A       56%         4
 Leda's Liquefaction      Hex/Erth       1%         N/A       56%         4
 Petrify                  Tmut/Erth      2%         N/A       56%         4
 Summon Ice Beast         Ice/Summ       2%         N/A       56%         4
 Dispersal                Tloc           21%        N/A       67%         6
 Alistair's Intoxication  Tmut/Pois      1%         N/A       89%         5
 Irradiate                Conj/Tmut      1%         3d13      89%         5
 Silence                  Hex/Air        1%         N/A       89%         5
 Yara's Violent Unravell  Hex/Tmut       1%         3d3       89%         5
 Death Channel            Necr           1%         N/A       100%        6
 Simulacrum               Ice/Necr       1%         N/A       100%        6
 Starburst                Conj/Fire      1%         6d3       100%        6
 Haunt                    Necr/Summ      1%         N/A       100%        7
 Storm Form               Tmut/Air       1%         N/A       100%        7
 Summon Hydra             Summ           1%         N/A       100%        7
 Discord                  Hex            1%         N/A       100%        8
 Infestation              Necr           1%         N/A       100%        8
 Lehudib's Crystal Spear  Conj/Erth      1%         10d2      100%        8
 Chain Lightning          Conj/Air       1%         3d1       100%        9
 Fire Storm               Conj/Fire      1%         7d1       100%        9
 Shatter                  Erth           1%         3d5*      100%        9


Dungeon Overview and Level Annotations

Branches:
Dungeon (15/15)            Temple (0/1) D:5            Lair (6/6) D:10
 Shoals (0/4) Lair:3        Snake (0/4) Lair:3        Slime (0/5) Lair:6
    Orc (2/2) D:11            Elf (3/3) Orc:2        Vaults (0/5) D:14
 Depths (0/4) D:15

Altars:
Cheibriados
Gozag
Qazlal
Trog
Wu Jian
The Shining One

Shops:
D:15 *   Orc:2 !(!*:   Elf:1 ?!(   Elf:2 *

Annotations:
Lair:6 exclusion: obsidian statue


Innate Abilities, Weirdness & Mutations

You are too large for most types of armour.
You have claws for hands.
Your natural rate of healing is unusually fast.
You are covered in fur. (AC +1)
You have tough skin. (AC +1)
You tend to lose your temper in combat.
You are strong-willed. (Will+)
You expend magic power (3 MP) to strengthen your wands.


Message History

You block the arrow.
You scratch the deep elf master archer but do no damage.
The deep elf master archer is heavily wounded.
The deep elf master archer shoots an arrow.
The arrow hits you!!
* * * LOW HITPOINT WARNING * * *
You scratch the deep elf master archer.
The deep elf master archer is heavily wounded.
The deep elf master archer shoots an arrow.
The arrow misses you.
The deep elf master archer shoots an arrow.
The arrow misses you.
You completely miss the deep elf master archer.
The deep elf master archer is heavily wounded.
The deep elf master archer shoots an arrow.
You block the arrow.
The deep elf master archer unwields a +0 longbow.
The deep elf master archer barely misses you.
You closely miss the deep elf master archer.
The deep elf master archer is heavily wounded.
You claw the deep elf master archer!
The deep elf master archer is severely wounded.
The deep elf master archer wields a +0 longbow.
The deep elf master archer shoots an arrow.
The arrow hits you.
* * * LOW HITPOINT WARNING * * *
The deep elf master archer shoots an arrow.
The arrow completely misses you.
You closely miss the deep elf master archer.
The deep elf master archer is severely wounded.
The deep elf master archer shoots an arrow.
You block the arrow.
You mangle the deep elf master archer!!
The deep elf master archer is almost dead.
The deep elf master archer shoots an arrow.
The arrow hits you!!
* * * LOW HITPOINT WARNING * * *
The deep elf master archer shoots an arrow.
The arrow hits you!
You die...

#.###....<...#..#**#.(.....##.#..
.#####........######........#.##'
..[.[......#..#*#.)[..((.........
.#####.[...#..# #..[..)..(.######
#######.......###...)..([.##
......)..#.......#...(((...#
.##'##...#..)........##'##.#
.#...#.#.#.).)..e#...#...#.#
.'...'.##.......@#.#.'...'.#
.#...#.##.[......#.#.#...#.#
.##+##.##........#.#.##'##.#
.................#.#.......#
.#########.....###.###.#,### #.#
#..#^#.#........,* #.##
##..........##..#**
##.#####.#.......#.....#
#.......#.##+##.####,**


You could see a deep elf master archer.

Vanquished Creatures
  Rupert (D:14)
  3 deep elf blademasters (Elf:3)
  2 tentacled starspawn (Abyss:4)
  A fire giant (D:15)
  Agnes (Elf:2)
  2 deep elf sorcerers (Elf:3)
  6 deep elf elementalists (Elf:3)
  5 deep elf demonologists (Elf:3)
  7 deep elf annihilators
  6 dire elephants (Lair:6)
  Snorg (Orc:1)
  5 deep elf death magi (Elf:3)
  A fire dragon (D:11)
  4 deep elf high priests (Elf:3)
  An ettin (Orc:1)
  2 ogre magi (Orc:2)
  5 boulder beetles
  8 hydras
  5 centaur warriors
  16 two-headed ogres
  10 dancing weapons
  8 death yaks (Lair:4)
  A tengu warrior (D:13)
  13 deep elf knights
  An orc high priest (Elf:2)
  Nergalle (D:12)
  A fire crab (Lair:4)
  3 spectral death yaks (Lair:6)
  A spectral anaconda (Lair:6)
  A spatial maelstrom (Abyss:4)
  2 deep trolls (Orc:2)
  6 deep elf archers
  3 orc knights
  24 deep elf pyromancers
  20 deep elf zephyrmancers
  Pikel (D:4)
  3 necromancers (Lair:6)
  A mana viper (Abyss:4)
  12 ugly things
  A wolf spider (shapeshifter) (Elf:1)
  An orc sorcerer (Orc:1)
  5 cyclopes
  3 manticores
  A black mamba (shapeshifter) (Elf:3)
  An oklob plant (Lair:6)
  25 elephants
  A torpor snail (Lair:6)
  A smoke demon (Abyss:4)
  7 black mambas
  A dire elephant skeleton (Lair:6)
  5 cane toads
  2 gargoyles (D:12)
  A kobold demonologist (D:12)
  11 komodo dragons
  4 rime drakes
  An efreet (D:14)
  Grinder (D:5)
  14 trolls
  2 polar bears
  A spectral elephant (Lair:6)
  A wind drake (Lair:3)
  3 hornets
  9 slime creatures
  21 blink frogs
  A flying skull (Abyss:4)
  2 water elementals (Elf:2)
  An air elemental (Elf:2)
  Eustachio (D:4)
  6 wyverns
  4 basilisks
  A shadow (D:11)
  16 humans (D:14)
  45 yaks
  A steam dragon (D:8)
  13 vampire mosquitoes
  3 fire elementals (Elf:1)
  A death yak simulacrum (Lair:6)
  Edmund (D:3)
  2 wargs
  A spectral cane toad (Lair:6)
  A spatial vortex (Abyss:4)
  10 water moccasins
  3 acid dragons
  Duvessa (D:6)
  A floating eye (shapeshifter) (Elf:3)
  2 hornet zombies
  2 elephant zombies (Lair:6)
  23 ogres
  12 orc warriors
  2 necrophages
  An elephant skeleton (Lair:6)
  12 centaurs
  19 wolves
  2 lemures (D:4)
  2 kobold brigands
  8 bullfrogs
  2 gnoll sergeants
  2 cane toad simulacra (Lair:6)
  A wyvern zombie (D:9)
  2 earth elementals
  2 scorpions (D:4)
  2 wyvern skeletons (D:6)
  Dowan (D:6)
  2 elephant simulacra (Lair:6)
  17 killer bees
  3 wights (D:10)
  8 howler monkeys
  4 electric eels
  7 crimson imps (D:9)
  3 centaur zombies
  A jelly (D:6)
  3 centaur skeletons
  Crazy Yiuf (D:3)
  A gnoll shaman (D:9)
  20 orc priests
  2 hounds
  A bullfrog skeleton (D:6)
  4 iguanas
  13 orc wizards
  A scorpion zombie (D:5)
  3 hell rats (Lair:6)
  A killer bee zombie (D:8)
  A hound zombie (D:5)
  2 hound skeletons
  A howler monkey zombie (D:11)
  14 gnolls
  A howler monkey skeleton (D:5)
  4 river rats (Lair:6)
  4 adders
  A shadow imp (D:6)
  4 white imps
  An ufetubus (D:7)
  3 adder skeletons (D:4)
  2 worms
  3 dart slugs
  58 orcs
  6 ball pythons
  5 bats
  9 endoplasms
  4 giant cockroaches
  6 goblins
  13 hobgoblins
  11 jackals
  14 kobolds
  2 quokkas (D:1)
  6 frilled lizards
  7 rats
  A lurking horror (Abyss:4)
  3 starspawn tentacles (Abyss:4)
810 creatures vanquished.

Vanquished Creatures (collateral kills)
  A wyvern (Lair:2)
1 creature vanquished.

Vanquished Creatures (others)
  A deep elf knight (Elf:2)
  A deep elf zephyrmancer (Elf:2)
  A kobold (D:3)
  A bush (Lair:6)
  27 fungi
  71 plants
  6 starspawn tentacles (Abyss:4)
  30 withered plants (Lair:6)
138 creatures vanquished.

Grand Total: 949 creatures vanquished

Notes
Turn   | Place    | Note
-------+----------+-------------------------------------------
     0 | D:1      | frimble the Troll Warper began the quest for the Orb.
     0 | D:1      | Reached XP level 1. HP: 19/19 MP: 1/1
    95 | D:1      | Reached XP level 2. HP: 27/27 MP: 2/2
   336 | D:1      | Reached XP level 3. HP: 33/33 MP: 3/3
  1202 | D:2      | Found a faded altar of an unknown god.
  1958 | D:3      | Found a stormy altar of Qazlal.
  1998 | D:3      | Reached XP level 4. HP: 41/41 MP: 4/4
  2136 | D:3      | Found a bloodstained altar of Trog.
  2401 | D:3      | Found an opulent altar of Gozag.
  2408 | D:3      | Found a glowing golden altar of the Shining One.
  2662 | D:3      | Found a runed translucent door.
  2663 | D:3      | Noticed Crazy Yiuf
  2733 | D:3      | Killed Crazy Yiuf
  2838 | D:4      | Noticed Edmund
  2908 | D:3      | Killed Edmund
  2909 | D:3      | Reached XP level 5. HP: 31/48 MP: 5/5
  2997 | D:4      | Found a snail-covered altar of Cheibriados.
  3003 | D:4      | Reached XP level 6. HP: 55/55 MP: 6/6
  3007 | D:4      | Became a worshipper of Cheibriados the Contemplative
  3056 | D:4      | Reached skill level 5 in Unarmed Combat
  3100 | D:4      | Noticed Eustachio
  3128 | D:4      | Killed Eustachio
  3129 | D:4      | Reached XP level 7. HP: 50/62 MP: 7/7
  3178 | D:4      | Learned a level 2 spell: Blink
  3334 | D:4      | Reached * piety under Cheibriados
  3442 | D:4      | Noticed Pikel
  3464 | D:4      | Was placed under penance by Cheibriados
  3480 | D:4      | Killed Pikel
  3481 | D:4      | Reached skill level 5 in Translocations
  3481 | D:4      | Reached XP level 8. HP: 63/70 MP: 8/8
  3550 | D:4      | Was forgiven by Cheibriados
  3720 | D:4      | Identified the +7 mace "Iweak" {venom, Int+3 SInv}
  3796 | D:4      | Identified the +10 hunting sling "Axtyxtom" {vorpal, rElec}
  4011 | D:5      | Entered Level 5 of the Dungeon
  4219 | D:5      | Reached skill level 1 in Slings
  4235 | D:5      | Noticed Grinder
  4241 | D:5      | Killed Grinder
  4437 | D:5      | Found a staircase to the Ecumenical Temple.
  4597 | D:5      | Reached ** piety under Cheibriados
  4857 | D:6      | Reached XP level 9. HP: 64/76 MP: 9/9
  5088 | D:6      | Noticed Dowan
  5088 | D:6      | Noticed Duvessa
  5099 | D:6      | Killed Duvessa
  5100 | D:6      | Reached skill level 5 in Slings
  5102 | D:6      | Killed Dowan
  5694 | D:7      | Reached *** piety under Cheibriados
  6075 | D:7      | Found an ornate altar of the Wu Jian Council.
  6701 | D:8      | Gained mutation: You tend to lose your temper in combat.
                  | [potion of mutation]
  6701 | D:8      | Gained mutation: You are strong-willed. (Will+) [potion of
                  | mutation]
  6701 | D:8      | Gained mutation: You expend magic power (3 MP) to
                  | strengthen your wands. [potion of mutation]
  6713 | D:8      | Reached **** piety under Cheibriados
  6722 | D:8      | Reached XP level 10. HP: 52/85 MP: 10/10
  6939 | D:8      | Reached skill level 1 in Throwing
  7578 | D:9      | Reached ***** piety under Cheibriados
  7775 | D:9      | Noticed a two-headed ogre
  8434 | D:10     | Entered Level 10 of the Dungeon
  8479 | D:10     | Found a staircase to the Lair.
  8636 | D:10     | Killed a two-headed ogre
  8637 | D:10     | Reached skill level 5 in Fighting
  8637 | D:10     | Reached skill level 5 in Throwing
  8718 | D:10     | Identified a scroll of acquirement
  8719 | D:10     | Acquired 1023 gold pieces
  8876 | D:10     | Found a bloodstained altar of Trog.
  8881 | D:10     | Reached XP level 11. HP: 102/104 MP: 11/11
  9196 | D:11     | Found a staircase to the Orcish Mines.
  9252 | D:11     | Noticed a boulder beetle
  9259 | D:11     | Noticed a fire dragon
  9260 | D:11     | Reached ****** piety under Cheibriados
  9262 | D:11     | Noticed a two-headed ogre
  9338 | Lair:1   | Entered Level 1 of the Lair of Beasts
  9533 | Lair:1   | Reached skill level 2 in Dodging
  9675 | Lair:1   | Reached skill level 1 in Armour
  9994 | Lair:1   | Reached skill level 3 in Dodging
 10522 | Lair:2   | Reached skill level 4 in Dodging
 11385 | Lair:3   | Reached skill level 5 in Dodging
 11456 | Lair:3   | Found a staircase to the Snake Pit.
 11582 | Lair:3   | Reached skill level 5 in Armour
 11586 | Lair:3   | Reached XP level 12. HP: 92/114 MP: 12/12
 11612 | Lair:3   | Reached skill level 6 in Dodging
 11625 | Lair:3   | Found a staircase to the Shoals.
 11950 | Lair:4   | Noticed a death yak
 11958 | Lair:4   | Killed a death yak
 11959 | Lair:4   | Reached skill level 7 in Dodging
 12004 | Lair:4   | Reached skill level 8 in Dodging
 12181 | Lair:4   | Noticed an eight-headed hydra
 12187 | Lair:4   | Killed an eight-headed hydra
 12228 | Lair:4   | Noticed an eight-headed hydra
 12233 | Lair:4   | Killed an eight-headed hydra
 12234 | Lair:4   | Reached skill level 9 in Dodging
 12266 | Lair:4   | Noticed a death yak
 12279 | Lair:4   | Killed a death yak
 12283 | Lair:4   | Noticed a death yak
 12285 | Lair:4   | Noticed a death yak
 12289 | Lair:4   | Killed a death yak
 12290 | Lair:4   | Noticed a death yak
 12297 | Lair:4   | Killed a death yak
 12313 | Lair:4   | Killed a death yak
 12399 | Lair:4   | Noticed a death yak
 12399 | Lair:4   | Noticed a death yak
 12399 | Lair:4   | Noticed a death yak
 12409 | Lair:4   | Killed a death yak
 12410 | Lair:4   | Reached skill level 10 in Dodging
 12416 | Lair:4   | Killed a death yak
 12417 | Lair:4   | Reached XP level 13. HP: 94/120 MP: 13/13
 13177 | Lair:5   | Reached skill level 11 in Dodging
 14082 | Lair:6   | Entered Level 6 of the Lair of Beasts
 14088 | Lair:6   | Reached skill level 12 in Dodging
 14543 | Lair:6   | Reached skill level 1 in Invocations
 14555 | Lair:6   | Reached skill level 1 in Evocations
 14772 | Lair:6   | Found a staircase to the Slime Pits.
 15144 | Lair:6   | Noticed a dire elephant
 15144 | Lair:6   | Noticed a dire elephant
 15145 | Lair:6   | Noticed a dire elephant
 15145 | Lair:6   | Noticed a dire elephant
 15163 | Lair:6   | Noticed a dire elephant
 15170 | Lair:6   | Noticed a dire elephant
 15173 | Lair:6   | Killed a dire elephant
 15174 | Lair:6   | Reached XP level 14. HP: 72/133 MP: 15/15
 15825 | Lair:6   | Identified the ring "Boib" {+Blink rF+ EV+4 Int+4 Dex+3}
 16097 | Lair:6   | Reached skill level 5 in Invocations
 16421 | Lair:1   | Identified the +2 robe "Hiomoesa" {-Tele +Inv Regen+
                  | Archmagi}
 16532 | D:11     | Identified the +1 leather armour of Old and Reckless
                  | {Dex+3}
 17754 | D:12     | Reached skill level 1 in Shields
 17789 | D:12     | Noticed Nergalle
 17802 | D:12     | Killed Nergalle
 18918 | D:13     | Acquired 870 gold pieces
 18933 | D:14     | Noticed Rupert
 18933 | D:14     | Found a gate to the Vaults.
 18936 | D:14     | Killed Rupert
 18937 | D:14     | Reached XP level 15. HP: 114/143 MP: 15/18
 19514 | D:15     | Entered Level 15 of the Dungeon
 19675 | D:15     | Found Ehuriy's Gadget Gallery.
 19851 | D:15     | Found a staircase to the Depths.
 19852 | D:15     | Noticed a fire giant
 19874 | D:15     | Killed a fire giant
 20255 | D:15     | Reached XP level 16. HP: 152/152 MP: 18/20
 20304 | D:15     | Bought a condenser vane for 520 gold pieces
 20370 | Orc:1    | Entered Level 1 of the Orcish Mines
 20559 | Orc:2    | Entered Level 2 of the Orcish Mines
 20620 | Orc:2    | Found a staircase to the Elven Halls.
 20675 | Orc:1    | Noticed Snorg
 20683 | Orc:1    | Killed Snorg
 20778 | Orc:2    | Found Juilikh's Distillery.
 20781 | Orc:2    | Bought a potion of curing for 48 gold pieces
 20781 | Orc:2    | Bought 2 potions of heal wounds for 160 gold pieces
 20781 | Orc:2    | Bought a potion of heal wounds for 80 gold pieces
 20781 | Orc:2    | Bought a potion of curing for 48 gold pieces
 20781 | Orc:2    | Bought a potion of curing for 48 gold pieces
 20781 | Orc:2    | Bought a potion of cancellation for 128 gold pieces
 20781 | Orc:2    | Bought a potion of resistance for 160 gold pieces
 20992 | Orc:2    | Paralysed by something for 2 turns
 20998 | Orc:2    | Paralysed by something for 3 turns
 21007 | Orc:2    | Reached skill level 10 in Shields
 21262 | Orc:2    | Found Lakesa Upelu's Distillery.
 21266 | Orc:2    | Found Likkumac's Book Shop.
 21351 | Orc:2    | Found Nukoiv's Antique Weapon Shoppe.
 21358 | Orc:2    | Bought a potion of might for 68 gold pieces
 21358 | Orc:2    | Bought a potion of might for 68 gold pieces
 21358 | Orc:2    | Bought a potion of curing for 51 gold pieces
 21358 | Orc:2    | Bought a potion of heal wounds for 85 gold pieces
 21358 | Orc:2    | Bought a potion of heal wounds for 85 gold pieces
 21358 | Orc:2    | Bought a potion of curing for 51 gold pieces
 21358 | Orc:2    | Bought a potion of might for 68 gold pieces
 21374 | Orc:2    | Found Maplad's General Store.
 21395 | Orc:2    | Bought a book of Annihilations for 900 gold pieces
 21821 | Elf:1    | Entered Level 1 of the Elven Halls
 22176 | Elf:1    | Reached XP level 17. HP: 143/161 MP: 21/21
 22958 | Elf:1    | Found Unadwe's Magic Scroll Emporium.
 22962 | Elf:1    | Found Jeamaal's Distillery.
 22964 | Elf:1    | Found Qaikaon's Weapon Emporium.
 22970 | Elf:1    | Bought a scroll of teleportation for 45 gold pieces
 22970 | Elf:1    | Bought a scroll of teleportation for 45 gold pieces
 22970 | Elf:1    | Bought a scroll of teleportation for 45 gold pieces
 22970 | Elf:1    | Bought a scroll of blinking for 112 gold pieces
 22972 | Elf:1    | Bought a potion of curing for 33 gold pieces
 22972 | Elf:1    | Bought a potion of curing for 33 gold pieces
 22972 | Elf:1    | Bought a potion of curing for 33 gold pieces
 22972 | Elf:1    | Bought a potion of curing for 33 gold pieces
 22972 | Elf:1    | Bought a potion of curing for 33 gold pieces
 22972 | Elf:1    | Bought a potion of heal wounds for 55 gold pieces
 22972 | Elf:1    | Bought 2 potions of curing for 66 gold pieces
 22972 | Elf:1    | Bought a potion of mutation for 88 gold pieces
 23295 | Elf:2    | Found Wis Tuqo's Assorted Antiques.
 23607 | Elf:2    | Noticed Agnes
 23617 | Elf:2    | Killed Agnes
 23826 | Elf:2    | Reached skill level 10 in Fighting
 23864 | Elf:2    | Paralysed by an air elemental for 1 turns
 23908 | Elf:2    | Found a runed translucent gate.
 23908 | Elf:2    | Found a runed translucent gate.
 23910 | Elf:2    | Found a runed translucent gate.
 23914 | Elf:2    | Noticed a deep elf blademaster
 24102 | Elf:3    | Entered Level 3 of the Elven Halls
 24184 | Elf:3    | Found a flickering gateway to a bazaar.
 24191 | Bazaar   | Entered a bazaar
 24191 | Bazaar   | Found Zuciokhi's Antique Armour Shop.
 24191 | Bazaar   | Found Caadabou's Distillery.
 24234 | Bazaar   | Found Xise's Antique Weapon Shop.
 24256 | Bazaar   | Bought a potion of resistance for 90 gold pieces
 24256 | Bazaar   | Bought a potion of curing for 27 gold pieces
 24256 | Bazaar   | Bought 2 potions of magic for 144 gold pieces
 24256 | Bazaar   | Bought a potion of mutation for 72 gold pieces
 24535 | Elf:3    | Noticed a Brimstone Fiend
 24546 | Elf:3    | Noticed a Tzitzimitl
 24615 | Elf:3    | Cast into level 3 of the Abyss (a deep elf demonologist)
 24618 | Abyss:3  | Found a corrupted altar of Lugonu.
 24634 | Abyss:3  | Learned a level 1 spell: Apportation
 24764 | Elf:3    | Escaped the Abyss
 24814 | Elf:3    | Noticed a deep elf blademaster
 24830 | Elf:3    | Killed a deep elf blademaster
 24926 | Elf:3    | Killed a ghostly deep elf blademaster
 25084 | Elf:3    | Noticed a deep elf blademaster
 25104 | Elf:3    | Killed a deep elf blademaster
 25131 | Elf:3    | Noticed a deep elf master archer
 25313 | Elf:3    | Reached skill level 10 in Slings
 25482 | Elf:3    | Noticed a deep elf blademaster
 25499 | Elf:3    | Killed a deep elf blademaster
 25538 | Elf:3    | Reached XP level 18. HP: 147/180 MP: 22/22
 25729 | Elf:3    | Shot with an arrow by a deep elf master archer

Illustrated notes

Levels and vault maps discovered:
D:1:      dpeg_arrival_arbitrary_a, layout_basic, palyth_stone_intersect,
          ebering_dispersal_statue_hall, minmay_split_cup_large
D:2:      layout_loops_corners, hellmonk_ecumenical_altar_zigzags
D:3:      layout_basic, nicolae_qazlal_general_emergency, trog_hazing_becter,
          lemuel_crystal_altar, mainiacjoe_overflow_alcove_1,
          grunt_ministairs_1, minmay_cupped, uniq_crazy_yiuf_cottage
D:4:      layout_basic, overflow_temple_1_default, uniq_edmund, uniq_eustachio,
          uniq_pikel
D:5:      layout_loops_ring, minmay_temple_entry_junction, dk_vineyard_3,
          minmay_holes, mrwooster_statue_mirror, st_stairs_12, minivault_11,
          minivault_24, uniq_grinder
D:6:      layout_cave_pods, uniq_duvessa
D:7:      layout_cave_pods, nicolae_wu_jian_immortal_techniques
D:8:      layout_rooms, chequers_serial_rivers_large_a
D:9:      layout_basic, minivault_23, minmay_nine_imps
D:10:     layout_basic, lair_entry_dummy, david_defended_altar_orc
D:11:     layout_irregular_city, orc_0_dummy, minmay_bent
D:12:     layout_grid_maze, uniq_nergalle
D:13:     layout_cave_pools, hex_tiny, minmay_misc_feat_alley
D:14:     layout_rooms, david_vaults_3, minivault_23, minmay_misc_feat_chi
D:15:     grunt_enter_depths_giant_problem, layout_cave_pools,
          hangedman_decor_peaks_small, nrook_campfire, nicolae_shop_gadgets
Lair:1:   layout_cave_pods
Lair:2:   layout_layer_cave, infiniplex_staircase_pool
Lair:3:   layout_cave_shapes, minmay_shoals_entry_beasts, dummy_snake_entry
Lair:4:   beast_lair_carwin_large_2, layout_regular_city, serial_bayou_shore_a,
          grunt_megastairs_2
Lair:5:   layout_hall_layers, grunt_megastairs_5
Lair:6:   due_jungle_book, layout_regular_city, slime_dummy, serial_forest,
          infiniplex_forest_straight_2, infiniplex_forest_clump_large,
          infiniplex_forest_lined_4_way, infiniplex_forest_lined_2,
          infiniplex_forest_end_1, infiniplex_forest_clump_cross,
          infiniplex_forest_lined_room_2, kennysheep_abandoned_house
Orc:1:    layout_diamond_mine, uniq_snorg
Orc:2:    st_orc_open, layout_diamond_mine, serial_shops,
          nicolae_shop_behind_doors
Elf:1:    minmay_elf_arrival_summoners, layout_loops_corners, minivault_28,
          lemuel_upstairs_altar, minmay_shop_star
Elf:2:    nicolae_elf_blades_splatter_lattice [mumra_blade_entry_dagger],
          layout_gridlike, serial_shops, shop, uniq_agnes
Elf:3:    nooodl_elf_gasket, layout_loops_cross, serial_shops, bzr_entry_road

Skill      XL: |  1  2  3  4  5  6  7  8  9 10 11 12 13 14 15 16 17 |
---------------+----------------------------------------------------+-----
Unarmed Combat | 3 4 5 7 |  7.1
Translocations | 3 4 5 6 |  6.0
Slings         | 4 7 10 | 10.3
Throwing       | 5 6 7 |  7.0
Fighting       | 5 6 7 8 11 | 11.8
Dodging        | 5 10 12 | 12.6
Armour         | 5 6 |  6.0
Invocations    | 3 5 7 |  7.8
Evocations     | 2 4 |  4.7
Shields        | 6 8 10 | 10.7
Spellcasting   | |  1.2

Action                   |  1- 3 |  4- 6 |  7- 9 | 10-12 | 13-15 | 16-18 || total
-------------------------+-------+-------+-------+-------+-------+-------++-------
Melee: Unarmed           |    95 |   128 |    97 |       |    28 |   138 ||   486
       Punch             |       |     1 |     2 |       |     8 |       ||    11
 Fire: Hunting sling     |       |       |   216 |   641 |  1419 |  1020 ||  3296
Throw: Boomerang         |       |     1 |       |       |       |     1 ||     2
       Javelin           |       |       |       |       |       |     5 ||     5
 Cast: Blink             |       |       |     1 |     7 |    16 |     8 ||    32
       Apportation       |       |       |       |       |       |     8 ||     8
Invok: Slouch            |       |       |       |       |       |     9 ||     9
Evoke: Wand              |       |       |       |       |     3 |    10 ||    13
       Condenser vane    |       |       |       |       |       |     2 ||     2
  Use: Scroll            |     5 |     2 |       |    17 |    13 |     8 ||    45
       Potion            |       |       |     8 |       |     2 |     4 ||    14
 Stab: Confused          |       |       |       |       |       |     1 ||     1
Armor: Robe              |    41 |    41 |    60 |     1 |       |       ||   143
       Skin              |       |       |    19 |       |       |       ||    19
       Steam dragon scal |       |       |       |    30 |       |       ||    30
       Troll leather arm |       |       |       |    66 |   423 |   140 ||   629
Dodge: Dodged            |    51 |    55 |    63 |   189 |  1026 |   507 ||  1891
Block: Kite shield       |       |       |       |       |    76 |   439 ||   515

Table legend: (Time is in decaauts)
 A = Elapsed time spent in this place.
 B = Non-inter-level travel time spent in this place.
 C = Inter-level travel time spent in this place.
 D = Time resting spent in this place.
 E = Time spent auto-exploring this place.
 F = Levels seen in this place.
 G = Mean time per level.
                   A        B        C        D        E       F      G
               +--------+--------+--------+--------+--------+-----+--------+
         Total |  38926 |  36386 |   2540 |      2 |  29806 |  29 | 1342.3 |
       Dungeon |  18949 |  17647 |   1302 |      2 |  14805 |  15 | 1263.3 |
          Lair |  11866 |  11118 |    748 |      0 |   9469 |   6 | 1977.7 |
  Orcish Mines |   2289 |   2105 |    184 |      0 |   1556 |   2 | 1144.5 |
   Elven Halls |   5455 |   5151 |    304 |      0 |   3856 |   3 | 1818.3 |
         Abyss |    196 |    196 |      0 |      0 |     24 |   2 |   98.0 |
        Bazaar |    169 |    169 |      0 |      0 |     96 |   1 |  169.0 |
               +--------+--------+--------+--------+--------+-----+--------+

Top non-repeatable levels by time:
  Lair:6: 3281 daAuts
   Elf:1: 2521 daAuts
  Lair:2: 2151 daAuts
  Lair:4: 1963 daAuts
     D:9: 1963 daAuts
    D:12: 1917 daAuts
  Lair:1: 1862 daAuts
   Orc:2: 1755 daAuts
  Lair:5: 1681 daAuts
   Elf:3: 1558 daAuts
    D:11: 1554 daAuts
   Elf:2: 1375 daAuts
     D:7: 1347 daAuts
    D:15: 1260 daAuts
    D:13: 1207 daAuts
